 Dungeon Crawl Stone Soup version 0.30-a0-585-g93115170b9 (webtiles) character file.

Game seed: 4253811820359513486

93753 Newt the Cleaver (level 15, -2/103 HPs)
             Began as a Demonspawn Gladiator on Jan 1, 2023.
             Was the Champion of Hepliaklqana.
             Slain by a naga
             ... wielding a +0 glaive
              (17 damage)
             ... on level 1 of the Snake Pit.
             The game lasted 00:34:54 (20590 turns).

Newt the Cleaver (Demonspawn Gladiator)            Turns: 20590, Time: 00:34:56

Health: -2/103     AC: 16    Str: 29    XL:     15   Next: 61%
Magic:  0/22       EV:  8    Int: 11    God:    Hepliaklqana [******]
Gold:   1673       SH: 13    Dex: 19    Spells: 24/24 levels left

rFire   + + +      SeeInvis +    a - +10 broad axe "Lifebane" {speed, Str+9 Int-2 Dex+3 Stlth+}
rCold   + + +      Faith    .    O - +2 shield of Resistance {rF++ rC++ Will++}
rNeg    + + .      Spirit   +    Y - +3 scale mail {rPois}
rPois   +          Reflect  .    (helmet unavailable)
rElec   .          Harm     .    x - scarf {repulsion}
rCorr   .          Rampage  .    E - +1 pair of gloves {infuse}
Will    +++..                    (no boots)
Stlth   ++                       U - amulet of Vitality {RegenMP++ Regen++}
HPRegen 1.97/turn                j - ring of Boumunuk {Fly rC+++ rN+ Will- Slay+4}
MPRegen 1.16/turn                w - ring of Peqyefy {*Slow rF+ rN+ Will+ Int+3}

@: lethally poisoned (-2 -> -2), flying, constricted, repel missiles
A: reduced essence, antennae 3, molten scales 1, magic shield, magic
regeneration, magic link, demonic magic 1
a: Renounce Religion, Recall Ancestor, Ancestor Identity, Transference, Idealise


You were on level 1 of the Snake Pit.
You worshipped Hepliaklqana.
Hepliaklqana was exalted by your worship.
You visited 4 branches of the dungeon, and saw 22 of its levels.
You also visited: Trove, Sewer, Gauntlet and Volcano.

You collected 2159 gold pieces.
You spent 486 gold pieces at shops.

Inventory:

Hand Weapons
 a - the +10 broad axe "Lifebane" (weapon) {speed, Str+9 Int-2 Dex+3 Stlth+}
   (You took it off a minotaur in a Gauntlet)

   Attacks with this weapon are significantly faster.
   Str:       It affects your strength (+9).
   Int:       It affects your intelligence (-2).
   Dex:       It affects your dexterity (+3).
   Stlth:     It makes you more stealthy.
 b - the +8 mace "Vothidou" {drain, rElec rPois rF++ Will-}
   (You found it on level 3 of the Dungeon)

   A truly terrible weapon, it drains the life of any living foe it strikes.
   rF:        It greatly protects you from fire.
   rElec:     It insulates you from electricity.
   rPois:     It protects you from poison.
   Will:      It decreases your willpower.
 k - a +2 dagger of draining
 I - a +0 rapier of chaos
Missiles
 d - 3 throwing nets (quivered)
 e - 4 javelins
 g - 7 silver javelins
 A - 26 poisoned darts
 B - 12 curare-tipped darts
 M - 12 boomerangs
Armour
 x - a scarf of repulsion (worn)
 E - a +1 pair of gloves of infusion (worn)
 K - a +4 plate armour of fire resistance
 L - a +0 troll leather armour
 O - the +2 shield of Resistance (worn) {rF++ rC++ Will++}
   (You took it off a minotaur in a Gauntlet)

   rF:        It greatly protects you from fire.
   rC:        It greatly protects you from cold.
   Will:      It greatly increases your willpower.
 Y - a +3 scale mail of poison resistance (worn)
Jewellery
 j - the ring of Boumunuk (left hand) {Fly rC+++ rN+ Will- Slay+4}
   (You found it in a treasure trove)

   [ring of slaying]

   Slay:      It affects your accuracy & damage with ranged weapons and melee
   (+4).
   rC:        It renders you almost immune to cold.
   rN:        It protects you from negative energy.
   Fly:       It grants you flight.
   Will:      It decreases your willpower.
 l - the ring of Secujoud {+Blink rF- rC+ Str+6 Int+4 Dex+6}
   (You found it in a treasure trove)

   [ring of dexterity]

   Str:       It affects your strength (+6).
   Int:       It affects your intelligence (+4).
   Dex:       It affects your dexterity (+6).
   rF:        It makes you vulnerable to fire.
   rC:        It protects you from cold.
   +Blink:    It lets you blink.
 s - the amulet of Conversion {RegenMP rF+ rC+ rN+ rCorr}
   (You found it in a treasure trove)

   [amulet of magic regeneration]

   It increases your rate of magic regeneration.
   rF:        It protects you from fire.
   rC:        It protects you from cold.
   rN:        It protects you from negative energy.
   rCorr:     It protects you from acid and corrosion.
 v - a ring of resist corrosion
 w - the ring of Peqyefy (right hand) {*Slow rF+ rN+ Will+ Int+3}
   (You found it in a treasure trove)

   [ring of positive energy]

   Int:       It affects your intelligence (+3).
   rF:        It protects you from fire.
   rN:        It protects you from negative energy.
   *Slow:     It may slow you when you take damage.
   Will:      It increases your willpower.
 y - an amulet of reflection
 J - the amulet "Ecicw" {Acrobat Int+2}
   (You found it in a treasure trove)

   [amulet of the acrobat]

   It increases your evasion while moving and waiting.
   Int:       It affects your intelligence (+2).
 N - a ring of flight
 P - the amulet of Gippy {Regen+ Str+7}
   (You found it in a treasure trove)

   [amulet of regeneration]

   Str:       It affects your strength (+7).
   Regen:     It increases your rate of health regeneration.
 U - the amulet of Vitality (around neck) {RegenMP++ Regen++}
   (You found it on level 11 of the Dungeon)

   [amulet of magic regeneration]

   It increases your rate of magic regeneration.
   Regen:     It increases your rate of health regeneration.
 V - a ring of willpower
Wands
 c - a wand of flame (23)
 q - a wand of digging (8)
 D - a wand of iceblast (12)
 R - a wand of paralysis (4)
 W - a wand of polymorph (4)
Scrolls
 f - 4 scrolls of brand weapon
 i - 10 scrolls of teleportation
 m - a scroll of summoning
 p - 5 scrolls of identify
 t - 6 scrolls of enchant armour
 C - 2 scrolls of fear
 F - 5 scrolls of fog
 S - 6 scrolls of enchant weapon
Potions
 n - 13 potions of curing
 o - 2 potions of haste
 r - a potion of cancellation
 u - 4 potions of ambrosia
 z - a potion of resistance
 G - 3 potions of might
 H - 2 potions of mutation
 T - a potion of flight
 X - 2 potions of lignification
Miscellaneous
 Q - a phantom mirror
 Z - a piece from Xom's chessboard (15/15)


   Skills:
 - Level 10.0 Fighting
 - Level 4.0 Short Blades
 - Level 14.8(16.0) Axes
 - Level 10.0(13.6) Maces & Flails
 - Level 1.7 Throwing
 + Level 12.0 Armour
 - Level 4.0 Dodging
 - Level 2.0 Stealth
 - Level 8.0 Shields
 - Level 5.0 Spellcasting
 - Level 7.0 Invocations
 - Level 5.0 Evocations


You had 24 spell levels left.
You didn't know any spells.
Your spell library contained the following spells:

 Spells                   Type           Power      Damage    Failure   Level
 Apportation              Tloc           4%         N/A       67%         1
 Necrotise                Necr           8%         1d4       67%         1
 Summon Small Mammal      Summ           8%         N/A       67%         1
 Ensorcelled Hibernation  Hex/Ice        4%         N/A       80%         2
 Passwall                 Tmut/Erth      1%         N/A       80%         2
 Searing Ray              Conj           4%         2d4       80%         2
 Call Canine Familiar     Summ           2%         N/A       95%         3
 Confusing Touch          Hex            2%         N/A       95%         3
 Dazzling Flash           Conj/Hex       4%         N/A       95%         3
 Ignite Poison            Fire/Tmut/Pois 2%         N/A       95%         3
 Kindle Blastsparks       Fire/Tloc/Air  4%         2d10      95%         3
 Summon Guardian Golem    Hex/Summ       2%         N/A       95%         3
 Swiftness                Air            2%         N/A       95%         3
 Anguish                  Hex/Necr       1%         N/A       100%        4
 Leda's Liquefaction      Hex/Erth       1%         N/A       100%        4
 Alistair's Intoxication  Tmut/Pois      1%         N/A       100%        5
 Freezing Cloud           Conj/Ice/Air   1%         6-21      100%        5
 Lee's Rapid Deconstruct  Erth           1%         3d4*      100%        5
 Summon Mana Viper        Hex/Summ       2%         N/A       100%        5
 Simulacrum               Ice/Necr       1%         N/A       100%        6
 Statue Form              Tmut/Erth      1%         N/A       100%        6
 Enfeeble                 Hex            1%         N/A       100%        7
 Borgnjor's Revivificati  Necr           1%         N/A       100%        8


Dungeon Overview and Level Annotations

Branches:
Dungeon (14/15)            Temple (0/1) D:5            Lair (5/5) D:9
 Shoals (0/4) Lair:3        Snake (1/4) Lair:2        Slime (0/5) Lair:4
    Orc (2/2) D:9             Elf (0/3) Orc:2         Sewer (visited)
Volcano (visited)         Gauntlet (visited)
 Vaults: D:13-14

Altars:
Cheibriados
Dithmenos
Hepliaklqana
Ru
Trog
Uskayaw
Yredelemnul
Jiyva
Lugonu

Shops:
D:4 (   D:9 [*   D:10 [**   Orc:2 *!=!

Portals:
Abyss: Lair:5

Annotations:
D:12 exclusion: orange crystal statue


Innate Abilities, Weirdness & Mutations

Your life essence is reduced to manifest your ancestor. (-10% HP)
You have a pair of large antennae on your head. (SInv)
You are partially covered in molten scales. (AC +2)
When hurt, damage is shared between your health and your magic reserves.
You regenerate magic rapidly.
When low on magic, you restore magic in place of health.
Spells you cast may paralyse adjacent enemies.


Message History

You kill the naga!
You slash the anaconda! You slash the naga ritualist!
You kill the naga ritualist!
You feel sick.
The naga sharpshooter shoots a bolt.
The bolt barely misses you.
The anaconda bites you but does no damage.
The anaconda constricts you.
* * * LOW HITPOINT WARNING * * *
The naga misses you.
You hear an angry hiss.
Your Armour skill increases to level 12!
Unknown command.
You escape the anaconda's grasp.
The anaconda attacks as you move away! You block the anaconda's attack.
The anaconda bites you.
* * * LOW HITPOINT WARNING * * *
A naga and a black mamba come into view.
You feel sick.
The black mamba hisses angrily.
The naga sharpshooter spits poison at you.
You block the splash of poison. The naga spits poison at you.
The splash of poison hits you but does no damage.
You resist.
A naga comes into view. It is wielding a +0 mace.
The black mamba moves out of view.
The naga shouts!
There is an open door, spattered with blood here.
You see here a +0 flail.
You feel much better.
You feel sick. The anaconda grabs you. The anaconda bites you.
* * * LOW HITPOINT WARNING * * *
The anaconda constricts you.
* * * LOW HITPOINT WARNING * * *
The anaconda bites you but does no damage.
The anaconda constricts you.
* * * LOW HITPOINT WARNING * * *
The naga sharpshooter casts a spell.
The naga warrior hits you with a +1 heavy battleaxe!
* * * LOW HITPOINT WARNING * * *
The naga hits you from afar with a +0 glaive!!
You die...

{ {#+#+#+#{
N##.....##
N.......+
{#.......# ..
+>..8..>+
...#.......#
.N.......+ #
##..<..## .
#...#'#@#+#....
#....)SN......
##..N.).....$.
#######......
....## ..### ##


You could see a naga warrior, a naga sharpshooter (catching breath), an anaconda
and 3 nagas.

Vanquished Creatures
  An orc warlord (Orc:1)
  Josephine (D:13)
  A centaur warrior (D:9)
  4 ogre magi (Orc:2)
  3 hydras
  Erolcha (Orc:2)
  The ghost of wormed the Unseen, a journeyman SpHu of Okawaru (Lair:3)
  19 two-headed ogres
  2 boulder beetles
  A dancing weapon (Volcano)
  A naga sharpshooter (Snake:1)
  8 death yaks
  4 thrashing horrors (Lair:5)
  A sixfirhy (Gauntlet)
  2 naga ritualists (Snake:1)
  An obsidian statue (Gauntlet)
  4 wizards (Volcano)
  2 orc knights
  4 ugly things
  An orc sorcerer (Orc:2)
  5 toenail golems (Volcano)
  4 cyclopes
  6 black mambas
  6 elephants
  A smoke demon (Lair:5)
  6 cane toads
  2 torpor snails (Lair:4)
  An unseen horror (D:11)
  11 komodo dragons
  3 rime drakes
  A kobold demonologist (D:12)
  An ice devil (Gauntlet)
  An ancient zyme (Lair:5)
  A troll (shapeshifter) (Lair:5)
  A polar bear (Lair:5)
  5 trolls
  Grinder (D:5)
  A hornet (D:7)
  15 blink frogs
  20 dream sheep
  A spriggan (Lair:5)
  19 yaks
  3 wraiths (D:13)
  4 slime creatures
  4 wyverns
  3 ynoxinuls (Lair:5)
  A hog (D:12)
  A redback (shapeshifter) (D:9)
  A vampire mosquito (D:13)
  6 basilisks
  A chaos spawn (Lair:5)
  2 nagas
  2 acid dragons
  14 orc warriors
  7 water moccasins
  2 large abominations (Lair:5)
  2 black bears
  A sky beast (D:6)
  An ice beast (D:7)
  22 ogres
  5 wolves (Lair:3)
  3 centaurs
  A necrophage (D:5)
  2 kobold brigands (D:11)
  5 bullfrogs
  Blork the orc (D:4)
  2 scorpions (D:4)
  4 wights
  2 killer bees
  9 small abominations (Lair:5)
  9 orc priests
  A gnoll bouda (D:5)
  4 jellies
  Crazy Yiuf (D:5)
  4 iguanas
  A scorpion zombie (D:4)
  6 orc wizards
  Natasha (D:2)
  A howler monkey zombie (D:4)
  10 gnolls
  11 adders
  A river rat (D:3)
  A shadow imp (D:5)
  4 white imps
  2 ufetubi (Gauntlet)
  2 worms (D:2)
  3 dart slugs
  50 orcs
  10 ball pythons
  10 endoplasms
  6 giant cockroaches
  3 goblins
  3 hobgoblins
  4 jackals (D:3)
  3 quokkas
  8 bats
  10 frilled lizards
  11 kobolds
  11 rats
476 creatures vanquished.

Vanquished Creatures (collateral kills)
  Gastronok (D:11)
  Kirke (D:12)
  A minotaur (Gauntlet)
  3 boulder beetles
  3 two-headed ogres
  2 death yaks (Lair:4)
  Sonja (Lair:3)
  A wizard (Volcano)
  2 cyclopes (D:9)
  An elephant (D:9)
  Maurice (D:9)
  A black mamba (Snake:1)
  A torpor snail (Lair:4)
  An unseen horror (D:11)
  A gargoyle (D:12)
  A cane toad (Lair:2)
  A kobold demonologist (D:11)
  A komodo dragon (shapeshifter) (Lair:5)
  An efreet (D:13)
  2 komodo dragons (Lair:2)
  2 trolls (D:9)
  A polar bear (shapeshifter) (D:13)
  9 blink frogs
  3 meliai (D:13)
  6 dream sheep
  5 yaks
  2 vampires
  2 wraiths (D:13)
  Eustachio (D:5)
  A wyvern (D:9)
  A basilisk (Lair:5)
  3 hogs (D:12)
  A vampire mosquito (D:13)
  A warg (Orc:1)
  A small abomination (Lair:5)
  2 nagas
  3 water moccasins
  5 orc warriors
  A sky beast (D:8)
  An ice beast (D:5)
  2 black bears
  5 ogres (Orc:2)
  4 centaurs
  A phantom (D:5)
  3 kobold brigands
  A necrophage (D:5)
  A gnoll sergeant (D:11)
  2 bullfrogs (D:6)
  A scorpion (D:4)
  4 killer bees (D:7)
  2 electric eels
  6 jellies
  A gnoll bouda (D:10)
  2 hounds
  An iguana (D:7)
  6 orc wizards
  7 gnolls
  3 adders
  An ufetubus (D:5)
  A worm (D:4)
  29 orcs
  A ball python (D:4)
  An endoplasm (D:4)
  11 kobolds
174 creatures vanquished.

Vanquished Creatures (others)
  20 battlemagi
  An ancestor (D:4)
  A bush (Lair:5)
  38 fungi
  29 plants
89 creatures vanquished.

Grand Total: 739 creatures vanquished

Notes
Turn   | Place    | Note
-------+----------+-------------------------------------------
     0 | D:1      | Newt the Demonspawn Gladiator began the quest for the Orb.
     0 | D:1      | Reached XP level 1. HP: 16/16 MP: 1/1
   159 | D:1      | Reached skill level 1 in Stealth
   235 | D:1      | Gained mutation: You have a pair of small antennae on your
                  | head. [demonic ancestry]
   235 | D:1      | Reached XP level 2. HP: 22/22 MP: 2/2
   989 | D:2      | Found a hazy altar of Hepliaklqana.
  1016 | D:2      | Became a worshipper of Hepliaklqana the Forgotten
  1057 | D:2      | Gained mutation: You regenerate magic rapidly. [demonic
                  | ancestry]
  1057 | D:2      | Reached XP level 3. HP: 28/28 MP: 3/3
  1336 | D:2      | Noticed Natasha
  1345 | D:2      | Killed Natasha
  1346 | D:2      | Gained mutation: You have a pair of antennae on your head.
                  | [demonic ancestry]
  1346 | D:2      | Reached XP level 4. HP: 34/37 MP: 4/4
  1875 | D:3      | Found a glowing drain.
  1960 | Sewer    | Entered a sewer
  1985 | Sewer    | Reached XP level 5. HP: 42/42 MP: 5/5
  2442 | D:3      | Identified the +8 mace "Vothidou" {drain, rElec rPois rF++
                  | Will-}
  2462 | D:3      | Reached * piety under Hepliaklqana
  3030 | D:3      | Found a bloodstained altar of Trog.
  3350 | D:4      | Noticed Blork the orc
  3355 | D:4      | Reached XP level 6. HP: 32/43 MP: 6/6
  3359 | D:4      | HP: 1/43 [Blork the orc/+3 heavy scimitar (17)]
  3364 | D:4      | Killed Blork the orc
  3365 | D:4      | Reached skill level 1 in Maces & Flails
  3368 | D:4      | Got the Verses on Ghoulish Allies
  3595 | D:4      | You fall into a shaft and drop 1 floor!
  3595 | D:5      | Entered Level 5 of the Dungeon
  3715 | D:4      | Reached ** piety under Hepliaklqana
  3716 | D:4      | Remembered your ancestor Mirna as a battlemage
  3879 | D:4      | Gained mutation: Spells you cast may paralyse adjacent
                  | enemies. [demonic ancestry]
  3879 | D:4      | Reached XP level 7. HP: 46/48 MP: 7/7
  3933 | D:4      | Found Joewevur's Antique Weapon Shop.
  4322 | D:4      | Found a basalt altar of Yredelemnul.
  4495 | D:5      | Noticed Eustachio
  4526 | D:5      | Killed Eustachio
  4527 | D:5      | Reached skill level 5 in Maces & Flails
  4580 | D:5      | Noticed Grinder
  4587 | D:5      | Reached XP level 8. HP: 48/54 MP: 8/8
  4588 | D:5      | Reached skill level 1 in Armour
  4603 | D:5      | Killed Grinder
  4761 | D:5      | Found a staircase to the Ecumenical Temple.
  5001 | D:5      | Reached skill level 5 in Armour
  5186 | D:5      | Found a runed translucent door.
  5187 | D:5      | Noticed Crazy Yiuf
  5347 | D:5      | Killed Crazy Yiuf
  5431 | D:6      | Reached skill level 1 in Spellcasting
  5617 | D:6      | Gained mutation: When hurt, damage is shared between your
                  | health and your magic reserves. [demonic ancestry]
  5617 | D:6      | Reached XP level 9. HP: 58/58 MP: 13/13
  6210 | D:7      | Reached skill level 5 in Spellcasting
  6210 | D:7      | Reached skill level 1 in Evocations
  6459 | D:7      | Found a sacrificial altar of Ru.
  6603 | D:7      | Reached *** piety under Hepliaklqana
  6634 | D:7      | Reached skill level 5 in Evocations
  6637 | D:7      | Reached skill level 1 in Shields
  7386 | D:8      | Noticed a troll
  7394 | D:8      | Killed a troll
  7395 | D:8      | Gained mutation: You are partially covered in molten
                  | scales. (AC +2) [demonic ancestry]
  7395 | D:8      | Reached XP level 10. HP: 52/63 MP: 17/17
  7544 | D:8      | Reached **** piety under Hepliaklqana
  8096 | D:9      | Noticed Maurice
  8098 | D:9      | Found Dista's General Store.
  8104 | D:9      | Noticed a centaur warrior
  8104 | D:9      | Killed Maurice
  8105 | D:9      | Reached skill level 5 in Shields
  8105 | D:9      | Noticed a salamander
  8112 | D:9      | Killed a centaur warrior
  8112 | D:9      | Noticed a purple ugly thing
  8115 | D:9      | a salamander changed into an entropy weaver
  8115 | D:9      | Noticed an entropy weaver (shapeshifter)
  8115 | D:9      | Noticed a green ugly thing
  8115 | D:9      | Noticed a six-headed hydra
  8121 | D:9      | an entropy weaver changed into a harpy
  8121 | D:9      | Noticed a harpy (shapeshifter)
  8270 | D:9      | Noticed an elephant
  8284 | D:9      | Killed an elephant
  8289 | D:9      | Noticed a harpy
  8296 | D:9      | a harpy changed into a queen bee
  8301 | D:9      | Found a staircase to the Lair.
  8301 | D:9      | Noticed a two-headed ogre
  8336 | D:9      | Killed a two-headed ogre
  8414 | D:10     | Entered Level 10 of the Dungeon
  8414 | D:10     | Found a hide-covered altar of Uskayaw.
  8509 | D:10     | Found Uximadi's Assorted Antiques.
  8512 | D:10     | Noticed a two-headed ogre
  8519 | D:10     | Killed a two-headed ogre
  8525 | D:10     | Bought a scroll of identify for 60 gold pieces
  8672 | D:10     | Killed a six-headed hydra
  8673 | D:10     | Reached XP level 11. HP: 53/74 MP: 18/18
  8931 | D:9      | Identified the +1 chain mail "Feiwko" {Harm}
  8976 | D:9      | Found Yrauzae's Armour Shop.
  8977 | D:9      | Found a staircase to the Orcish Mines.
  9040 | D:9      | Killed a purple ugly thing
  9043 | D:9      | Killed a white ugly thing
  9371 | D:9      | Bought a scroll of identify for 34 gold pieces
  9372 | D:9      | Noticed a boulder beetle
  9414 | D:9      | Killed a boulder beetle
 10038 | D:10     | Found Hoclypha's General Store.
 10342 | D:10     | Found Peemuepha's Armour Shoppe.
 10387 | D:10     | Found a portal to a secret trove of treasure.
 10406 | D:10     | Found a shadowy altar of Dithmenos.
 10589 | D:11     | Reached ***** piety under Hepliaklqana
 10676 | D:11     | Noticed a boulder beetle
 10682 | D:11     | Killed a boulder beetle
 10735 | D:11     | Noticed Gastronok
 10753 | D:11     | Killed Gastronok
 10754 | D:11     | Reached skill level 10 in Maces & Flails
 10754 | D:11     | Reached skill level 5 in Invocations
 10754 | D:11     | Gained mutation: You have a pair of large antennae on your
                  | head. (SInv) [demonic ancestry]
 10754 | D:11     | Reached XP level 12. HP: 70/82 MP: 19/19
 10819 | D:11     | Noticed a two-headed ogre
 11049 | D:11     | Found the amulet of Vitality {RegenMP++ Regen++}
 11475 | D:12     | Noticed a two-headed ogre
 11482 | D:12     | Killed a two-headed ogre
 11529 | D:12     | Noticed a boulder beetle
 11548 | D:12     | Noticed a two-headed ogre
 11627 | D:12     | Killed a boulder beetle
 11652 | D:12     | Killed a two-headed ogre
 11951 | D:12     | Noticed Kirke
 12043 | D:12     | Killed Kirke
 12140 | D:12     | Noticed a two-headed ogre
 12619 | D:13     | Noticed a seven-headed hydra
 12624 | D:13     | Killed a seven-headed hydra
 12666 | D:13     | Noticed Josephine
 12679 | D:13     | Killed Josephine
 12687 | D:13     | Reached skill level 10 in Fighting
 12753 | D:13     | Noticed a boulder beetle
 12767 | D:13     | Killed a boulder beetle
 12859 | D:13     | Noticed a two-headed ogre
 12866 | D:13     | Killed a two-headed ogre
 13201 | D:13     | Noticed a boulder beetle
 13211 | D:13     | Killed a boulder beetle
 13212 | D:13     | Reached XP level 13. HP: 92/92 MP: 20/20
 13448 | Lair:1   | Entered Level 1 of the Lair of Beasts
 13573 | Lair:1   | Reached ****** piety under Hepliaklqana
 14080 | Lair:2   | Found a staircase to the Snake Pit.
 14132 | Lair:2   | Reached skill level 10 in Armour
 14898 | Lair:3   | Found a runed translucent gate.
 14899 | Lair:3   | Found a runed translucent gate.
 14900 | Lair:3   | Found a runed translucent gate.
 14907 | Lair:3   | Noticed wormed's ghost (journeyman SpHu)
 14922 | Lair:3   | Found a gate leading to a gauntlet.
 14931 | Gauntlet | Entered a Gauntlet
 14931 | Gauntlet | Found a transporter.
 14931 | Gauntlet | Found a transporter.
 14931 | Gauntlet | Found a runed translucent gate.
 14933 | Gauntlet | Found a runed translucent gate.
 14947 | Gauntlet | Found a transporter.
 14952 | Gauntlet | Found a runed translucent door.
 14960 | Gauntlet | Found a transporter.
 14960 | Gauntlet | Found a transporter.
 14962 | Gauntlet | Found a transporter.
 14962 | Gauntlet | Found a transporter.
 14964 | Gauntlet | Found a transporter.
 14964 | Gauntlet | Noticed a reaper
 14975 | Gauntlet | Found a transporter.
 14990 | Gauntlet | Found a transporter.
 15000 | Gauntlet | Found a transporter.
 15014 | Gauntlet | Found a transporter.
 15048 | Gauntlet | Found a transporter.
 15063 | Gauntlet | Found a transporter.
 15074 | Gauntlet | Found a runed translucent gate.
 15258 | Gauntlet | Identified the +0 cloak "Umiheas" {rC+++ rCorr Int-4 Dex+3}
 15280 | Gauntlet | Identified the +10 broad axe "Lifebane" {speed, Str+9 Int-2
                  | Dex+3 Stlth+}
 15280 | Gauntlet | Noticed a minotaur
 15286 | Gauntlet | HP: 1/92 [minotaur/the +10 broad axe "Lifebane" {speed,
                  | Str+9 Int-2 Dex+3 Stlth+} (45)]
 15337 | Gauntlet | Killed a minotaur
 15393 | Gauntlet | Got the Incunabulum of the Sphinx
 15396 | Gauntlet | Got the Exposition on the Prime Union
 15449 | Lair:3   | Noticed Sonja
 15456 | Lair:3   | Killed Sonja
 15503 | Lair:3   | Reached skill level 1 in Axes
 15706 | Lair:3   | Reached skill level 2 in Axes
 15735 | Lair:3   | Found a viscous altar of Jiyva.
 15815 | D:10     | Bought a scroll of fog for 120 gold pieces
 15860 | D:10     | Bought a scroll of fog for 56 gold pieces
 15927 | D:10     | You paid a toll of 5 scrolls of fog to enter a treasure
                  | trove
 15928 | Trove    | Entered a treasure trove
 15940 | Trove    | Identified the amulet of Gippy {Regen+ Str+7}
 15941 | Trove    | Identified the amulet "Ecicw" {Acrobat Int+2}
 15943 | Trove    | Identified the ring of Peqyefy {*Slow rF+ rN+ Will+ Int+3}
 15944 | Trove    | Identified the ring "Heufu" {Wiz rC++ MP-9 Dex+2}
 15945 | Trove    | Identified the amulet of Conversion {RegenMP rF+ rC+ rN+
                  | rCorr}
 15947 | Trove    | Identified the ring of Secujoud {+Blink rF- rC+ Str+6 Int+4
                  | Dex+6}
 15949 | Trove    | Identified the ring of Boumunuk {Fly rC+++ rN+ Will-
                  | Slay+4}
 15951 | Trove    | Identified the amulet of Past Mistakes {Faith rPois Will+}
 16187 | Lair:3   | Reached skill level 3 in Axes
 16190 | Lair:3   | Found a staircase to the Shoals.
 16380 | Lair:3   | Reached skill level 4 in Axes
 16525 | Lair:3   | Killed wormed's ghost
 16576 | Lair:4   | Found a staircase to the Slime Pits.
 16668 | Lair:4   | Reached skill level 5 in Axes
 16784 | Lair:4   | Reached skill level 6 in Axes
 16786 | Lair:4   | Reached skill level 7 in Axes
 16908 | Lair:4   | Reached XP level 14. HP: 86/99 MP: 12/21
 16987 | Lair:4   | Found a snail-covered altar of Cheibriados.
 17001 | Lair:4   | Reached skill level 8 in Axes
 17529 | Lair:5   | Entered Level 5 of the Lair of Beasts
 17639 | Lair:5   | Reached skill level 9 in Axes
 17849 | Lair:5   | Reached skill level 10 in Axes
 17873 | Lair:5   | Found a corrupted altar of Lugonu.
 17873 | Lair:5   | Found a one-way gate to the infinite horrors of the Abyss.
 18023 | Lair:5   | Identified the +3 battleaxe of Yredelemnul's Envy {flame,
                  | rC+ rN+ Will-}
 18042 | Lair:5   | Reached skill level 11 in Axes
 18116 | Lair:5   | Reached skill level 12 in Axes
 18836 | Orc:1    | Entered Level 1 of the Orcish Mines
 18870 | Orc:1    | Noticed an orc warlord
 18884 | Orc:1    | Killed an orc warlord
 19080 | Orc:2    | Entered Level 2 of the Orcish Mines
 19348 | Orc:2    | Found a dark tunnel.
 19355 | Volcano  | Entered a volcano
 19391 | Volcano  | Reached skill level 13 in Axes
 19391 | Volcano  | Gained mutation: When low on magic, you restore magic in
                  | place of health. [demonic ancestry]
 19391 | Volcano  | Reached XP level 15. HP: 103/103 MP: 22/22
 19788 | Orc:2    | Noticed Erolcha
 19793 | Orc:2    | Killed Erolcha
 19841 | Orc:2    | Reached skill level 14 in Axes
 20117 | Orc:2    | Found a staircase to the Elven Halls.
 20151 | Orc:2    | Found Gaiczul's Distillery.
 20151 | Orc:2    | Found Uwemo's Distillery.
 20152 | Orc:2    | Found Dacuzeth's General Store.
 20152 | Orc:2    | Found Saoghoel's Jewellery Emporium.
 20170 | Orc:2    | Bought a potion of mutation for 136 gold pieces
 20173 | Orc:2    | Bought a potion of heal wounds for 80 gold pieces
 20556 | Snake:1  | Entered Level 1 of the Snake Pit
 20590 | Snake:1  | Slain by a naga

Illustrated notes

Levels and vault maps discovered:
D:1:      matt_arrival_spirals, layout_loops_corners
D:2:      layout_loops_ring, basic_altar, minmay_shallow_snake_nest,
          uniq_natasha
D:3:      layout_basic, trog_book, portal_sewer_entry_b, minmay_unequal
D:4:      kennysheep_big_flooded_room, layout_loops_ring,
          lemuel_zombie_altar_yredelemnul, serial_shops,
          nicolae_shop_temple_entry_statues_fountains, minmay_quantized,
          uniq_blork_the_orc
D:5:      layout_cave_pools, minmay_temple_entry_sparse_star, uniq_eustachio,
          uniq_grinder, uniq_crazy_yiuf_cottage
D:6:      layout_basic
D:7:      layout_loops_ring, nicolae_ru_path_of_blood,
          kennysheep_generic_room_13
D:8:      layout_basic
D:9:      layout_loops_ring, good_gods_mini_temple, david_lair_generic,
          orc_david_3, serial_shops, nicolae_shop_crystal, st_stairs_9,
          minivault_28, uniq_maurice
D:10:     layout_loops_ring, overflow_temple_1_default,
          nicolae_dithmenos_through_a_glass_darkly, enter_trove_0, serial_shops,
          kennysheep_mini, nicolae_diamond_shop, shop
D:11:     layout_stronghold, hellmonk_guarded_unrand_vitality_bloodlust,
          uniq_gastronok
D:12:     layout_basic, minmay_statue_bubble, uniq_kirke
D:13:     layout_gridville, uniq_josephine
D:14:     layout_loops_ring, david_vaults_1, nicolae_qazlal_eye_of_the_storm
Lair:1:   layout_loops_ring, infiniplex_staircase_pool_2
Lair:2:   layout_concentric_octagons, guppyfry_snake_entry_island,
          nicolae_quartered_pool_medium, infiniplex_staircase_pool
Lair:3:   layout_regular_city, elwin_shoals_entry_rocks, gammafunk_ghost_ooze,
          gauntlet_entry_generic, hangedman_lair_unloving_vines, minmay_holes,
          grunt_forest_small_clearing_treed, serial_bayou_shore_b, uniq_sonja
Lair:4:   layout_cave_pods, slime_entry_1, kennysheep_snail_temple
Lair:5:   hellmonk_lair_end_abyssal_woods, layout_small_grid
Snake:1:  layout_gridlike, drop_trap, nicolae_take_the_stairs, evilmike_ambush
          [evilmike_ambush_outer_doors, evilmike_ambush_inner_basic],
          grunt_megastairs_2, uniq_aizul, uniq_nikola
Orc:1:    layout_caves, basic_altar, elves_outpost_lemuel
Orc:2:    st_orc_ogre_mass, layout_caves, enter_volcano_1, uniq_erolcha

Skill      XL: |  1  2  3  4  5  6  7  8  9 10 11 12 13 14 15 |
---------------+----------------------------------------------+-----
Stealth        | 1 2 |  2.0
Fighting       | 3 4 6 8 10 | 10.0
Short Blades   | 3 4 |  4.0
Dodging        | 3 4 |  4.0
Maces & Flails | 3 6 10 | 10.0
Armour         | 5 8 9 11 12 | 12.0
Invocations    | 4 5 7 |  7.0
Spellcasting   | 2 5 |  5.0
Evocations     | 5 |  5.0
Shields        | 4 5 8 |  8.0
Axes           | 7 13 14 | 14.8
Throwing       | |  1.7

Action                   |  1- 3 |  4- 6 |  7- 9 | 10-12 | 13-15 || total
-------------------------+-------+-------+-------+-------+-------++-------
Melee: Rapier            |    20 |       |       |       |     1 ||    21
       Dagger            |    59 |   102 |       |       |       ||   161
       Punch             |     2 |     1 |       |       |       ||     3
       Unarmed           |     4 |       |       |     5 |       ||     9
       Mace              |       |    63 |   186 |   414 |   148 ||   811
       Broad axe         |       |       |       |       |   501 ||   501
Throw: Throwing net      |       |     2 |       |     1 |     2 ||     5
       Dart              |       |       |       |       |     2 ||     2
Invok: Ancestor Life: Ba |       |     1 |       |       |       ||     1
       Transference      |       |       |       |       |     1 ||     1
  Use: Scroll            |     3 |     6 |     6 |     8 |     5 ||    28
       Potion            |     2 |     2 |     1 |     4 |    10 ||    19
 Stab: Sleeping          |     3 |     3 |     2 |     1 |     5 ||    14
       Distracted        |     1 |     1 |     1 |    15 |    13 ||    31
       Confused          |       |       |     1 |       |       ||     1
       Held in net/web   |       |       |       |     1 |       ||     1
       Invisible         |       |       |       |       |     5 ||     5
Armor: Leather armour    |    18 |    51 |    60 |       |       ||   129
       Chain mail        |       |       |    42 |   103 |       ||   145
       Troll leather arm |       |       |       |    80 |    91 ||   171
       Plate armour      |       |       |       |       |    30 ||    30
       Scale mail        |       |       |       |       |     7 ||     7
Dodge: Dodged            |    47 |   115 |    93 |   199 |   261 ||   715
       Repelled          |       |       |       |     1 |     3 ||     4
Block: Kite shield       |       |    14 |    94 |   260 |   321 ||   689

Table legend: (Time is in decaauts)
 A = Elapsed time spent in this place.
 B = Non-inter-level travel time spent in this place.
 C = Inter-level travel time spent in this place.
 D = Time resting spent in this place.
 E = Time spent auto-exploring this place.
 F = Levels seen in this place.
 G = Mean time per level.
                   A        B        C        D        E       F      G
               +--------+--------+--------+--------+--------+-----+--------+
         Total |  20728 |  19370 |   1358 |   1679 |  13452 |  26 |  797.2 |
       Dungeon |  13515 |  12665 |    850 |   1622 |   8581 |  14 |  965.4 |
          Lair |   4592 |   4201 |    391 |     13 |   3400 |   5 |  918.4 |
     Snake Pit |     28 |     28 |      0 |      0 |      1 |   1 |   28.0 |
  Orcish Mines |   1226 |   1110 |    116 |     15 |    826 |   2 |  613.0 |
         Trove |     83 |     83 |      0 |      0 |      0 |   1 |   83.0 |
         Sewer |    431 |    431 |      0 |      0 |    230 |   1 |  431.0 |
       Volcano |    372 |    372 |      0 |      0 |    223 |   1 |  372.0 |
      Gauntlet |    478 |    478 |      0 |     29 |    190 |   1 |  478.0 |
               +--------+--------+--------+--------+--------+-----+--------+

Top non-repeatable levels by time:
     D:9: 1441 daAuts
    D:10: 1231 daAuts
  Lair:5: 1144 daAuts
    D:12: 1134 daAuts
     D:3: 1115 daAuts
     D:5: 1077 daAuts
     D:4: 1070 daAuts
     D:8: 1058 daAuts
    D:11: 1041 daAuts
     D:7: 1018 daAuts
  Lair:4: 996 daAuts
     D:1: 972 daAuts
  Lair:2: 894 daAuts
   Orc:2: 882 daAuts
     D:2: 870 daAuts
